Map: Golden Wall LE

Players

WickedWebby

  • Race: Zerg Zerg
  • League: Silver
  • Spawn Location: 5:00

Throwfordays - Winner!

  • Race: Protoss Protoss
  • League: Silver
  • Spawn Location: 7:00

VOD

Have the link to the VOD?

Description

Time

  • Played on: June 29, 2020, 5:14 p.m.
  • Length: 10:16
Show
View Real Time Build Order
Export as new Build Order

WickedWebby Zerg 

Build Orders: Pool First, Lurkers 

Get SALT Encoding   

  12  0:01  Drone  
  13  0:08  Drone  
  14  0:19  Overlord  
  14  0:35  Spawning Pool  
  13  0:37  Drone  
  13  0:40  Drone  
  15  0:48  Drone  
  15  0:49  Drone  
  17  0:59  Drone  
  18  1:06  Extractor  
  18  1:09  Drone  
  18  1:20  Drone  
  18  1:21  Queen  
  21  1:31  Drone  
  22  1:43  Overlord  
  22  1:59  Hatchery  
  21  2:07  Drone x2  
  23  2:11  Extractor  
  22  2:16  Drone  
  22  2:19  Baneling Nest  
  22  2:28  Drone  
  23  2:35  Drone x3  
  26  2:45  Drone  
  27  2:54  Drone  
  28  2:59  Drone  
  29  3:08  Zergling x2  
  29  3:09  Overlord x2  
  29  3:11  Drone  
  31  3:12  Queen  
  33  3:26  Hatchery  
  32  3:37  Spore Crawler  
  31  3:41  Lair  
  31  3:43  Extractor  
  30  3:58  Drone  
  30  3:59  Drone x2  
  30  4:01  Zergling x2  
  30  4:02  Zergling x4  
  36  4:04  Baneling x2  
  36  4:20  Zergling x8  
  36  4:22  Drone  
  36  4:23  Drone  
  42  4:26  Baneling x6  
  42  4:28  Drone x3  
  45  4:42  Overlord x2  
  45  4:47  Drone x2  
  47  4:53  Drone x2  
  47  4:54  Queen  
  51  5:05  Infestation Pit  
  50  5:07  Hydralisk Den  
  50  5:09  Drone x5  
  50  5:13  Spore Crawler  
  53  5:20  Drone x4  
  57  5:28  Pneumatized Carapace  
  57  5:33  Drone x3  
  62  5:42  Drone x2  
  62  5:50  Zergling x6  
  62  5:51  Zergling x6  
  62  5:54  Baneling x4  
  62  5:55  Baneling x4  
  68  5:57  Drone x4  
  68  6:00  Extractor  
  68  6:03  Extractor  
  70  6:07  Spore Crawler  
  70  6:10  Spore Crawler  
  68  6:14  Spore Crawler  
  67  6:22  Drone x2  
  67  6:25  Spore Crawler  
  68  6:28  Drone x5  
  73  6:33  Metabolic Boost  
  73  6:41  Lurker Den  
  72  6:47  Spire  
  71  6:55  Drone x2  
  73  7:01  Extractor  
  72  7:16  Hydralisk  
  72  7:19  Overlord x4  
  72  7:22  Overseer  
  74  7:30  Spore Crawler  
  74  7:33  Overlord x3  
  73  7:40  Spore Crawler  
  72  8:00  Spore Crawler  
  72  8:04  Spore Crawler  
  70  8:07  Spore Crawler, Drone x3  
  70  8:10  Drone  
  73  8:15  Hydralisk  
  73  8:16  Hydralisk x2  
  79  8:23  Drone  
  79  8:24  Overlord x2  
  80  8:37  Spore Crawler  
  79  8:42  Hive  
  79  8:45  Grooved Spines  
  79  8:49  Evolution Chamber  
  79  8:54  Hydralisk x2  
  82  9:00  Hydralisk  
  82  9:01  Hydralisk x2  
  88  9:07  Hydralisk x5  
  98  9:34  Lurker x8  
  98  9:35  Lurker  
  107  9:46  Overlord x6  
Show
View Real Time Build Order
Export as new Build Order

Throwfordays Protoss - Winner!

Build Orders:  

Get SALT Encoding   

  12  0:01  Probe  
  13  0:13  Probe  
  14  0:19  Pylon  
  14  0:25  Probe  
  15  0:38  Gateway  
  15  0:43  Pylon  
  15  0:51  Probe  
  16  0:59  Probe  
  17  1:04  Assimilator  
  17  1:18  Forge  
  17  1:19  Probe  
  18  1:31  Cybernetics Core, Probe  
  19  1:43  Zealot  
  19  1:46  Probe  
  22  1:47  Warp Gate  
  22  1:58  Probe  
  23  2:17  Nexus  
  23  2:29  Assimilator  
  23  2:30  Probe  
  24  2:42  Stalker, Probe  
  27  2:47  Protoss Ground Weapons Level 1  
  27  2:54  Probe  
  28  3:07  Shield Battery  
  28  3:14  Gateway  
  28  3:15  Adept  
  30  3:22  Pylon  
  30  3:28  Probe  
  30  3:31  Probe  
  32  3:36  Probe  
  33  3:43  Probe  
  33  3:44  Probe  
  35  3:50  Robotics Facility  
  35  3:55  Probe x2  
  37  4:06  Stalker  
  37  4:07  Probe  
  40  4:11  Stalker  
  42  4:20  Pylon  
  42  4:32  Nexus  
  42  4:34  Probe  
  43  4:39  Observer, Probe  
  45  4:46  Probe  
  45  4:51  Probe  
  47  4:55  Warp Prism  
  47  4:58  Probe  
  48  5:03  Probe  
  51  5:11  Stalker x2  
  51  5:13  Protoss Ground Armor Level 1  
  55  5:26  Probe  
  55  5:27  Probe  
  57  5:31  Immortal  
  57  5:34  Assimilator  
  61  5:37  Assimilator  
  61  5:38  Probe  
  61  5:40  Gateway  
  61  5:41  Probe  
  62  5:43  Probe  
  62  5:44  Pylon  
  62  5:49  Probe  
  64  5:54  Probe  
  66  5:59  Probe  
  66  6:02  Probe  
  68  6:04  Stalker  
  68  6:05  Stalker  
  72  6:11  Probe  
  72  6:14  Probe  
  74  6:19  Immortal  
  74  6:25  Probe  
  79  6:26  Gateway  
  79  6:27  Probe  
  80  6:37  Probe  
  80  6:39  Robotics Bay  
  81  6:47  Stalker  
  81  6:48  Stalker  
  85  6:54  Pylon  
  85  7:08  Pylon, Probe  
  85  7:10  Pylon, Extended Thermal Lance  
  85  7:12  Assimilator  
  86  7:16  Assimilator  
  86  7:17  Colossus  
  86  7:18  Probe  
  86  7:20  Protoss Shields Level 1  
  86  7:22  Pylon, Stalker x2  
  89  7:23  Pylon, Stalker  
  89  7:28  Pylon  
  93  7:30  Probe  
  100  7:42  Probe  
  101  7:46  Twilight Council  
  101  7:50  Probe  
  102  7:58  Probe  
  103  8:05  Colossus  
  103  8:07  Pylon  
  109  8:28  Stalker x3  
  109  8:29  Stalker  
  109  8:34  Gateway  
  117  8:35  Gateway  
  117  8:43  Probe  
  118  8:55  Probe  
  119  8:57  Forge  
  119  8:59  Colossus  
  125  9:04  Probe  
  125  9:07  Gateway  
  125  9:08  Gateway  
  126  9:10  Pylon  
  126  9:12  Probe  
  126  9:13  Pylon  
  127  9:21  Probe  
  127  9:31  Observer  
  128  9:38  Stalker x2  
  128  9:39  Stalker x4  
  128  9:44  Observer  
Tags
 
Composition
Lurkers
Matchup
PvZ
Opening
Pool First
Replay Pack
Multiplayer
Spawn Locations
Close Positions
Add a new tag
Caveats
  • Supply blocks, unpowered buildings, or Contaminate may cause inaccurate times.
  • Supply counts are checked every 10 seconds.